 Dungeon Crawl Stone Soup version 0.31-a0-188-g5e087ee2ca (webtiles) character file.

Game seed: 8467440083084352135

71 qw the Shooter (level 4, -2/25 HPs)
             Began as a Deep Elf Hunter on June 23, 2023.
             Slain by Sigmund
             ... wielding a +0 scythe
              (10 damage)
             ... on level 2 of the Dungeon.
             The game lasted 00:00:31 (879 turns).

qw the Shooter (Deep Elf Hunter)                     Turns: 879, Time: 00:00:31

Health: -2/25      AC:  3    Str: 10    XL:     4   Next: 5%
Magic:  6/6        EV: 12    Int: 14    God:
Gold:   31         SH:  0    Dex: 18    Spells: 3/3 levels left

rFire   . . .        Y - +0 shortbow
rCold   . . .        (shield currently unavailable)
rNeg    . . .        c - +0 leather armour
rPois   +            (no helmet)
rElec   .            (no cloak)
rCorr   .            (no gloves)
SInv    .            (no boots)
Will    .....        (no amulet)
Stlth   ++           d - ring of poison resistance
HPRegen 0.24/turn    (no ring)
MPRegen 0.10/turn

%: no passive effects
@: no status effects
A: no striking features
a: no special abilities


You were on level 2 of the Dungeon.
You visited 1 branch of the dungeon, and saw 2 of its levels.

You collected 71 gold pieces.
You spent 40 gold pieces at shops.


   Skills:
 - Level 1.5 Fighting
 + Level 7.5 Ranged Weapons
 - Level 2.4 Dodging
 - Level 1.2 Stealth


You had 3 spell levels left.
You didn't know any spells.
Your spell library was empty.

Inventory:

Hand Weapons
 Y - a +0 shortbow (weapon)
Armour
 b - a +0 ring mail
 c - a +0 leather armour (worn)
Jewellery
 d - a ring of poison resistance (left hand)
Potions
 a - a potion of lignification {unknown}
 e - a potion of haste {unknown}
 f - a potion of heal wounds {unknown}
 g - a potion of might {unknown}
 h - 2 potions of curing

Dungeon Overview and Level Annotations

Branches:
Dungeon (2/15)

Altars:

Shops:
D:2 [

Annotations:
D:2 Sigmund


Message History

You shoot an arrow. The arrow hits Sigmund.
Sigmund is moderately wounded.
Sigmund barely misses you.
You shoot an arrow. The arrow barely misses Sigmund.
Sigmund casts a spell at you.
You struggle to resist.
You shoot an arrow. The arrow barely misses Sigmund.
Sigmund casts a spell at you. The magic dart hits you.
You shoot an arrow. The arrow closely misses Sigmund.
Sigmund hits you but does no damage.
You shoot an arrow. The arrow barely misses Sigmund.
You shoot an arrow. The arrow hits Sigmund.
Sigmund is moderately wounded.
Sigmund barely misses you.
You shoot an arrow. The arrow hits Sigmund.
Sigmund is heavily wounded.
Sigmund gestures wildly while chanting.
Sigmund flickers and vanishes!
Deactivating autopickup; reactivate with Ctrl-A.
You shoot an arrow. Something barely misses you.
You shoot an arrow. You shoot an arrow. Something hits you!
You shoot an arrow. Something hits you but does no damage.
You shoot an arrow. Something barely misses you.
You shoot an arrow. You shoot an arrow. Something hits you but does no damage.
You shoot an arrow. Something hits you.
You shoot an arrow. You shoot an arrow. Something hits you.
You shoot an arrow. Something hits you!
You die...

#..##............#......#..#
##..#.###.###.......######'#
.....#.....#......#####...#
.## ##.....#>.......##...###
##.....####..#...#...##.
.......####..##......#..
#....>{#..)..##.....)...
#......#....######......
#......@....# #......
.#..........# #...#..
............# ####.<....
########....# #.........
#....# #......... #...?#
#......... ###### #.........
#......... ##########


There were no monsters in sight!

Vanquished Creatures
  Jessica (D:2)
  5 endoplasms
  A giant cockroach (D:2)
  2 hobgoblins
  A quokka (D:1)
  6 ball pythons
  5 bats (D:1)
  A frilled lizard (D:1)
  5 goblins
  6 kobolds
  12 rats
45 creatures vanquished.

Notes
Turn   | Place    | Note
-------+----------+-------------------------------------------
     0 | D:1      | qw the Deep Elf Hunter began the quest for the Orb.
     0 | D:1      | Reached XP level 1. HP: 12/12 MP: 3/3
     0 | D:1      | 0 ||| qw: Version: 0.3-a-9-g12657ce
     0 | D:1      | 0 ||| qw: Game counter: 4287
     0 | D:1      | 0 ||| qw: Always use a shield: true
     0 | D:1      | 0 ||| qw: God list: Okawaru
     0 | D:1      | 0 ||| qw: Allow faded altars: false
     0 | D:1      | 0 ||| qw: Do Orc after D:15 true
     0 | D:1      | 0 ||| qw: Do second Lair branch before Depths: true
     0 | D:1      | 0 ||| qw: Lair rune preference: random
     0 | D:1      | 0 ||| qw: Plans: Normal
     0 | D:1      | 0 ||| PLANNING D:1-11
   125 | D:1      | Reached XP level 2. HP: 16/16 MP: 4/4
   171 | D:1      | Reached skill level 6 in Ranged Weapons
   264 | D:1      | 264 ||| Stepping ~*~*~tactically~*~*~ (outnumbered).
   266 | D:1      | 266 ||| Stepping ~*~*~tactically~*~*~ (outnumbered).
   267 | D:1      | 267 ||| Stepping ~*~*~tactically~*~*~ (outnumbered).
   560 | D:1      | 560 ||| UPGRADING to ring of poison resistance.
   561 | D:1      | 561 ||| READING scroll labelled JAICIO IRULED.
   562 | D:1      | 562 ||| READING scroll labelled QESATHYILA.
   566 | D:1      | 566 ||| READING scroll labelled EVIRYV UTHRUCAI.
   567 | D:1      | 567 ||| READING scroll labelled ZIF FATWIROD.
   568 | D:1      | 568 ||| DRINKING 2 inky potions.
   569 | D:1      | 569 ||| DROPPING scroll of butterflies.
   600 | D:2      | Reached XP level 3. HP: 20/20 MP: 5/5
   722 | D:2      | Noticed Jessica
   723 | D:2      | Killed Jessica
   724 | D:2      | Reached skill level 7 in Ranged Weapons
   757 | D:2      | Found Zioruis's Armour Boutique.
   765 | D:2      | 765 ||| BUYING +0 ring mail (40 gold).
   765 | D:2      | Bought a +0 ring mail for 40 gold pieces
   765 | D:2      | 765 ||| SHOPLISTING +2 pair of gloves (165 gold, have 13).
   765 | D:2      | 765 ||| SHOPLISTING +3 ring mail of cold resistance (260
                  | gold, have 13).
   765 | D:2      | 765 ||| SHOPLISTING +7 ring mail "Bumadghih" {rF+} (530
                  | gold, have 13).
   789 | D:2      | Reached XP level 4. HP: 25/25 MP: 6/6
   860 | D:2      | Noticed Sigmund
   879 | D:2      | Slain by Sigmund

Levels and vault maps discovered:
D:1:      nzn_arrival_depleted_hourglass, layout_basic
D:2:      layout_rooms, serial_shops, nicolae_shop_trees, supply_closet_lemuel,
          minmay_misc_feat_pillars, uniq_jessica, uniq_sigmund

Skill      XL: |  1  2  3 |
---------------+----------+-----
Ranged Weapons | 6 7 |  7.5
Fighting       | |  1.5
Dodging        | |  2.4
Stealth        | |  1.2

Action                     |  1- 3 |  4- 6 || total
---------------------------+-------+-------++-------
   Fire: Shortbow          |    78 |    32 ||   110
    Use: Scroll            |     4 |       ||     4
         Potion            |     1 |       ||     1
 Armour: Leather armour    |     1 |     3 ||     4
  Dodge: Dodged            |    10 |     4 ||    14

Table legend:
 A = Non-vault XP
 B = Vault XP
 C = Vault XP percentage of total XP
 D = Non-vault monster count
 E = Vault monster count
 F = Vault count percentage of total count
                 A         B        C        D         E       F
            +---------+---------+-------+---------+---------+-------
      Total |      65 |      37 |  36.3 |      44 |       1 |   2.2
            +---------+---------+-------+---------+---------+-------
        D:1 |      40 |       0 |   0.0 |      26 |       0 |   0.0
        D:2 |      25 |      37 |  59.7 |      18 |       1 |   5.3
            +---------+---------+-------+---------+---------+-------
